groovejumper, chaotic female human Monk ----- 3 4...| ---------..-- ---- |.......|...-- --.... |..@@@..|4.5.---...... |...@...-.....A........ |...@...|....---........ |.......|...-- --.......-- ---------..-- ----%---- - 5 .5.....| |._)--------. ----- |.%))...%.|.. -------...--. |....- ---.. |. - groovejumper the Student of Fire Experience level: 28 Strength: 25 Dexterity: 18 Constitution: 17 Intelligence: 10 Wisdom: 21 Charisma: 11 Health: 117(402) Energy: 223(223) AC: -27 Gold: 2 Moves: 58417 Your Inventory: Coins $ - 2 gold pieces Amulets Y - an uncursed amulet of life saving (being worn) Armor c - a blessed greased fireproof +4 T-shirt of drain resistance (being worn) d - a blessed greased +4 chromatic dragon scale mail (being worn) e - a blessed fireproof +5 robe (being worn) f - an uncursed greased rustproof +0 pair of gauntlets of power (being worn) g - a blessed rustproof +5 helm of brilliance (being worn) h - a blessed greased fireproof +4 pair of speed boots (being worn) i - a blessed greased fireproof +4 small shield of reflection (being worn) Comestibles y - 5 uncursed lumps of royal jelly K - an uncursed food ration Q - an uncursed C-ration Potions T - a [blessed] potion of sickness X - 2 blessed potions of full healing Rings l - an uncursed ring of levitation m - an uncursed ring of conflict p - an uncursed +4 ring of protection r - an uncursed ring of free action A - a blessed ring of slow digestion (on left hand) Wands j - an uncursed wand of teleportation (0:7) o - a blessed wand of cold (0:1) q - a cursed wand of sleep (0:5) z - an uncursed wand of digging (0:5) F - an uncursed wand of teleportation (0:2) N - a cursed wand of death (0:6) O - a cursed wand of make invisible (0:5) P - an uncursed wand of death (0:5) R - an uncursed wand of death (0:3) Z - an uncursed wand of lightning (0:7) Tools b - a blessed bag of holding u - an uncursed +0 unicorn horn w - an uncursed sack B - a cursed blindfold E - the blessed Eyes of the Overworld (being worn) J - a cursed skeleton key W - a cursed looking glass [mirror] Gems U - a blessed luckstone named luck Contents of the bag of holding: 15269 gold pieces an [uncursed] amulet of life saving an uncursed amulet of magical breathing 35 blessed rustproof +7 thirsty shuriken 6 blessed +7 thirsty shuriken 3 uncursed rustproof +7 thirsty shuriken an uncursed rustproof +6 thirsty shuriken 2 blessed rustproof +5 thirsty shuriken 3 uncursed rustproof +5 thirsty shuriken a blessed greased fireproof +2 T-shirt of reflection a blessed greased +2 acid dragon scale mail 6 uncursed C-rations 10 uncursed K-rations an uncursed carrot an uncursed clove of garlic 3 uncursed lembas wafers an uncursed lizard corpse 10 uncursed lumps of royal jelly an uncursed sprig of wolfsbane a blessed scroll of blank paper 3 uncursed scrolls of blank paper an uncursed scroll of charging a [blessed] scroll of charging 11 uncursed scrolls of create monster an [uncursed] scroll of earth 4 uncursed scrolls of enchant weapon 2 uncursed scrolls of magic mapping 4 uncursed scrolls of remove curse 2 uncursed scrolls of scare monster 2 uncursed scrolls of stinking cloud an uncursed scroll of taming a blessed scroll of teleportation 11 uncursed scrolls of teleportation a cursed potion of extra healing 7 blessed potions of full healing an uncursed potion of full healing a cursed potion of full healing an uncursed potion of healing 4 potions of holy water an uncursed potion of object detection an [uncursed] potion of sickness an uncursed ring of conflict an uncursed ring of fire resistance an uncursed +1 ring of gain strength an uncursed ring of invisibility an uncursed ring of invisibility an uncursed ring of polymorph a cursed ring of polymorph an uncursed ring of polymorph control an uncursed ring of protection from shape changers an uncursed ring of regeneration an uncursed ring of see invisible an uncursed ring of shock resistance an uncursed ring of slow digestion an uncursed ring of sustain ability an uncursed ring of teleport control an uncursed ring of teleportation a cursed ring of teleportation an uncursed wand of cold (0:4) an uncursed wand of cold (0:3) an uncursed wand of create monster (0:15) an uncursed wand of create monster (0:5) an [uncursed] wand of create monster [0:13] an uncursed wand of digging (0:7) an uncursed wand of digging (0:6) an uncursed wand of digging (0:6) an uncursed wand of digging (0:6) a blessed wand of digging (0:5) a blessed wand of digging (0:5) an uncursed wand of digging (0:5) an uncursed wand of digging (0:5) an uncursed wand of digging (0:5) an uncursed wand of digging (0:5) an uncursed wand of digging (0:4) a cursed wand of digging (0:1) an uncursed wand of fire (0:6) an uncursed wand of fire (0:5) an uncursed wand of fire (0:5) an uncursed wand of fire (0:3) an uncursed wand of lightning (0:7) an uncursed wand of lightning (0:5) an uncursed wand of lightning (0:4) an uncursed wand of lightning (0:3) an uncursed wand of magic missile (0:1) an [uncursed] wand of magic missile [0:2] an uncursed wand of polymorph (0:2) a cursed wand of secret door detection (0:10) an [uncursed] wand of sleep [0:0] an uncursed wand of striking (0:7) an uncursed wand of striking (0:6) an uncursed wand of striking (0:5) an uncursed wand of striking (0:4) a blessed wand of striking (0:2) an uncursed wand of teleportation (0:5) an uncursed wand of teleportation (0:5) an uncursed wand of teleportation (0:4) an uncursed wand of teleportation (0:4) a cursed wand of teleportation (0:4) an [uncursed] wand of teleportation [0:4] an uncursed blindfold an uncursed can of grease (0:12) an uncursed magic marker (1:7) an uncursed magic marker (1:4) an uncursed magic whistle an [uncursed] skeleton key an uncursed stethoscope an uncursed +0 unicorn horn Contents of the sack: an uncursed hexagonal wand [of cancellation] (0:6) an [uncursed] hexagonal wand [of cancellation (0:5)] Spells known in the end: Name Level Category Fail Memory a - healing 1* healing 0% [........] b - levitation 4* escape 10% [........] c - fireball 4* attack 0% [........] d - create familiar 6* clerical 79% [........] e - light 1* divination 0% [........] f - invisibility 4* escape 10% [........] g - detect unseen 3* divination 0% [........] h - extra healing 3 healing 0% [|||.....] i - cure blindness 2* healing 0% [........] j - cancellation 7* matter 96% [........] k - wizard lock 2* matter 0% [........] l - detect food 2* divination 0% [........] m - magic missile 2 attack 0% [|||||||.] n - cure sickness 3* healing 0% [........] o - cause fear 3* enchantment 0% [........] p - drain life 2* attack 0% [........] q - teleport away 6* escape 79% [........] r - restore ability 4* healing 0% [........] s - create monster 2* clerical 0% [........] t - sleep 1 enchantment 0% [||||....] u - force bolt 1* attack 0% [........] v - clairvoyance 3* divination 0% [........] w - identify 3 divination 0% [|||||||.] x - haste self 3* escape 0% [........] y - cone of cold 4 attack 0% [||......] z - detect monsters 1 divination 0% [||......] A - polymorph 6 matter 79% [|||||...] B - detect treasure 4 divination 0% [|||||...] C - dig 5 matter 50% [||||||||] Your skills at the end: Fighting Skills martial arts [Grand Master / Grand Master] Weapon Skills shuriken [Expert / Expert] Spellcasting Skills attack spells [Basic / Basic] healing spells [Basic / Expert] divination spells [Basic / Basic] Final Attributes: You were piously aligned. Hunger level was 496. Your alignment was 302 / 302. Monster difficulty range was 17 - 57. Level difficulty was 71. You were immune to fire. You were immune to cold. You were immune to sleep. You were immune to disintegration. You were immune to electricity. You were immune to poison. You were immune to level-drain. You were magic-protected. You were immune to acid. You were immune to petrification. You were blinded. You saw invisible. You were telepathic. You were warned. You had automatic searching. You were stealthy. You could teleport. You had teleport control. You had slower digestion. You were very fast. You had reflection. Your life would have been saved. You were very lucky (5). You had extra luck. Good luck did not time out for you. You survived after being killed twice. Vanquished creatures: Cthulhu (twice) Asmodeus Baalzebub Dispater Orcus Yeenoghu Juiblex The Wizard of Yendor (8 times) Pestilence (thrice) Vlad the Impaler 5 arch-liches Master Kaen 4 mastodons 4 vorpal jabberwocks Medusa 3 krakens 14 iron golems 7 master liches 3 chromatic dragons 6 storm giants 4 glass golems 11 balrogs 24 purple worms 11 tatzelworms 9 wyverns 25 lindworms 15 sarkanies 6 amphiteres 15 sirrushes 14 gold dragons 15 leviathans 15 guivres 13 drakens 6 minotaurs 14 jabberwocks 17 baluchitheria an Angel 16 demiliches 4 stone golems 6 master mind flayers 58 Olog-hai 5 Nazgul 28 pit fiends 2 sandestins 12 hell hounds 9 titanotheres 5 trappers a baby guivre a guardian naga 14 disenchanters 67 vampire lords 7 skeletons 3 shopkeepers 10 aligned priests 4 captains 8 shades 17 liches 3 water trolls 6 clay golems 11 nurses 12 ice devils 16 nalfeshnees Aphrodite 3 lurkers above 3 frost giants 16 ettins 3 golden nagas a black pudding 43 vampires 10 lieutenants 64 ghosts 4 queen bees 9 locusts 8 winged gargoyles 4 mind flayers 11 giant mimics 13 zruties 14 fire giants 5 ogre kings 4 ice trolls 27 rock trolls 15 umber hulks 3 flesh golems 9 Elvenkings 7 doppelgangers 32 hezrous 43 bone devils 9 large mimics 9 wumpuses 4 fire vortices a baby long worm 2 baby purple worms 17 long worms 8 couatls 22 stalkers 4 air elementals 7 fire elementals 74 earth elementals 4 water elementals 10 hill giants 3 giant mummies 4 black nagas 49 xorns 24 giant zombies 7 elf-lords 11 sergeants a water demon 15 barbed devils 22 vrocks 3 salamanders 9 wargs 6 winter wolves 7 hell hound pups 21 small mimics 3 glass piercers 3 rodents of unusual size 5 warhorses 4 steam vortices 13 xans 6 ettin mummies 2 ogre lords 11 quantum mechanics 11 trolls 4 sasquatches 7 wood golems 3 erinyes 15 mariliths 4 sharks 2 electric eels 6 giant turtles 4 gelatinous cubes 4 pyrolisks 2 large dogs 2 freezing spheres 8 flaming spheres 8 shocking spheres 2 large cats 4 tigers 6 gargoyles 3 dwarf kings 16 tengu 18 ochre jellies 14 leocrottas 4 energy vortices 4 stone giants 2 elf mummies 6 human mummies 2 red nagas 12 green slimes 3 pit vipers 4 pythons 2 cobras 73 wraiths 4 carnivorous apes 36 ettin zombies 3 leather golems 4 Grey-elves 58 soldiers 26 horned devils 16 succubi 15 incubi 7 chameleons 5 crocodiles 14 giant beetles 5 quivering blobs 23 cockatrices 14 wolves 5 winter wolf cubs 5 lynxes 3 panthers 16 gremlins 4 spotted jellies 64 leprechauns 6 orc-captains 7 iron piercers 5 mumakil 22 giant spiders 9 scorpions 3 horses 2 ice vortices 6 black lights 10 vampire bats 2 forest centaurs 7 gnome kings 9 orc mummies 4 dwarf mummies an ogre 7 brown puddings 12 rust monsters 18 owlbears 6 yetis 6 gold golems 4 werewolves 2 Green-elves 2 piranhas 16 giant eels 10 lizards 7 chickatrices 2 dogs 6 dingos 3 housecats 4 jaguars 6 dwarf lords 6 blue jellies 3 white unicorns a gray unicorn 5 dust vortices 17 ravens 3 plains centaurs 5 gnome mummies 6 snakes 6 water moccasins 23 apes 43 human zombies 5 rope golems a Woodland-elf 10 soldier ants 3 fire ants 7 snow ants 6 imps 116 lemures 3 quasits 16 wood nymphs 15 water nymphs 23 mountain nymphs 13 Mordor orcs 25 Uruk-hai 2 orc shamans 3 rock piercers an enormous rat 4 rock moles 2 ponies 3 fog clouds 13 yellow lights 2 shriekers 7 violet fungi 25 gnome lords 16 gnomish wizards 4 kobold mummies 2 red naga hatchlings a guardian naga hatchling 7 gray oozes a barrow wight 26 elf zombies 23 ghouls 3 straw golems 4 paper golems a wax golem 4 jellyfish 2 baby crocodiles 9 giant ants 5 little dogs 6 floating eyes 2 kittens 22 dwarves a homunculus a kobold lord 3 kobold shamans 15 hill orcs 9 rothes 2 rabid rats 4 centipedes 4 giant bats 9 Kop Sergeants 2 monkeys 20 orc zombies 14 dwarf zombies 3 werejackals 4 muggers 6 iguanas 97 killer bees 6 acid blobs 2 coyotes a gas spore 11 hobbits 8 manes 4 large kobolds 7 hobgoblins 8 giant rats 5 cave spiders a brown mold 3 yellow molds a green mold 2 red molds 90 gnomes 29 Keystone Kops 13 garter snakes 26 gnome zombies 7 geckos 6 jackals 2 foxes 2 kobolds 3 goblins 7 sewer rats 13 grid bugs 5 bats 7 lichens 26 kobold zombies 6 newts 3202 creatures vanquished. Genocided or extinct species: lemures (extinct) Nazgul (extinct) erinyes (extinct) 3 species extinct. Voluntary challenges: You pretended to be a vegetarian. You used a wielded weapon 1 time. You read items or engraved 205 times. You put on armor 242 times. You never genocided any monsters. You polymorphed 68 items. You changed form 1 time. You used 5 wishes. You used 4 wishes for magical items. You did not wish for any artifacts. You wrote Elbereth's name 48 times. You encountered 2 bones levels. You used 1 Sokoban shortcut. Dungeon overview: The Dungeons of Doom: levels 1 to 27 Level 1 stairs to The Elemental Planes Level 3 a jewelry store, an altar to Huan Ti Level 4 a fountain Level 5 a general store, some fountains, a sink Level 6 a general store Level 8 some trees Level 9 a fountain Level 10 an altar to Huan Ti stairs to Sokoban Level 11 stairs to Town Level 15 portal to The Quest Level 18 an altar to Huan Ti, a fountain, a sink Level 19 some fountains Level 20 some sinks Level 21 a wand shop Level 27 a magic chest, a throne Gehennom: levels 28 to 56 Level 28 a temple, a magic chest stairs to The Dungeons of Doom Level 30 some fountains, a throne Level 34 a throne Level 36 stairs to Vlad's Tower Level 38 a lighting shop, some altars, a magic chest, a throne Level 39 stairs to The Dragon Caves Level 43 portal to Gehennom Level 44 a throne Level 48 many trees Level 49 a magic chest Level 56 a temple The Gnomish Mines: levels 3 to 10 Level 6 some shops, a temple, a magic chest, some fountains The Quest: levels 1 to 6 Sokoban: levels 7 to 9 Level 9 a magic chest stairs to The Dungeons of Doom Town: levels 8 to 10 Level 8 many shops, some fountains, a sink Vlad's Tower: levels 32 to 35 The Dragon Caves: levels 40 to 43 Level 40 many trees stairs to Gehennom The Elemental Planes: Astral Plane <- You were here a temple to Huan Ti Plane of Air portal to The Elemental Planes Plane of Water portal to The Elemental Planes Plane of Fire portal to The Elemental Planes Plane of Earth portal to The Elemental Planes History has recorded: On T:1 you entered the Dungeons of Doom to retrieve the Amulet of Yendor! On T:185 you advanced to experience level 2. On T:422 you reached level 2 of The Dungeons of Doom. On T:441 you advanced to experience level 3. On T:691 you advanced to experience level 4. On T:699 you advanced to experience level 5. On T:746 you reached level 3 of The Dungeons of Doom. On T:907 you advanced to experience level 6. On T:1031 you reached level 4 of The Dungeons of Doom. On T:1236 you advanced to experience level 7. On T:1576 you reached level 5 of The Dungeons of Doom. On T:1845 you reached level 6 of The Dungeons of Doom. On T:2102 you reached level 7 of The Dungeons of Doom. On T:2125 you advanced to experience level 8. On T:2282 you reached level 10 of The Dungeons of Doom. On T:2300 you reached level 9 of The Dungeons of Doom. On T:2465 you received advice from The Oracle. On T:2491 you reached level 8 of The Dungeons of Doom. On T:2682 you reached level 3 of Sokoban. On T:3129 you advanced to experience level 9. On T:3490 you reached level 2 of Sokoban. On T:3831 you reached level 1 of Sokoban. On T:4854 you advanced to experience level 10. On T:6187 you received a rustproof morning star of frost from Huan Ti. On T:7650 you reached level 11 of The Dungeons of Doom. On T:8025 you reached level 1 of The Gnomish Mines. On T:8343 you reached level 2 of The Gnomish Mines. On T:8350 you reached level 3 of The Gnomish Mines. On T:8652 you reached level 4 of The Gnomish Mines. On T:8985 you reached level 5 of The Gnomish Mines. On T:8994 you advanced to experience level 11. On T:9100 you reached level 6 of The Gnomish Mines. On T:9153 you reached level 7 of The Gnomish Mines. On T:9197 you reached level 8 of The Gnomish Mines. On T:9782 you lost a bag of holding in a magical explosion. On T:12527 you reached level 3 of Town. On T:12620 you reached level 2 of Town. On T:12904 you killed Aphrodite on level 2 of Town. On T:13151 you reached level 1 of Town. On T:13468 you reached level 12 of The Dungeons of Doom. On T:13821 you reached level 13 of The Dungeons of Doom. On T:13991 you reached level 14 of The Dungeons of Doom. On T:14185 you reached level 15 of The Dungeons of Doom. On T:14316 you reached level 1 of The Quest. On T:14491 you reached level 16 of The Dungeons of Doom. On T:14649 you reached level 17 of The Dungeons of Doom. On T:14845 you reached level 18 of The Dungeons of Doom. On T:14992 you advanced to experience level 12. On T:15024 you reached level 19 of The Dungeons of Doom. On T:15213 you reached level 20 of The Dungeons of Doom. On T:15364 you reached level 21 of The Dungeons of Doom. On T:15607 you reached level 22 of The Dungeons of Doom. On T:15807 you reached level 23 of The Dungeons of Doom. On T:16075 you reached level 24 of The Dungeons of Doom. On T:16235 you reached level 25 of The Dungeons of Doom. On T:16337 you killed Medusa on level 25 of The Dungeons of Doom. On T:16358 you reached level 26 of The Dungeons of Doom. On T:16723 you reached The Castle. On T:17680 you advanced to experience level 13. On T:18423 you reached The Valley of the Dead. On T:18844 you wished for "100 blessed +2 fixed thirsty shuriken". On T:21480 you advanced to experience level 14. On T:22202 you embarked upon an epic quest. On T:22282 you reached level 2 of The Quest. On T:22529 you reached level 3 of The Quest. On T:23556 you reached level 4 of The Quest. On T:23889 you reached level 5 of The Quest. On T:24110 you reached level 6 of The Quest. On T:24652 you killed Master Kaen on level 6 of The Quest. On T:24770 you completed the quest! On T:26403 you advanced to experience level 15. On T:26648 you reached level 2 of Gehennom. On T:26910 you reached level 3 of Gehennom. On T:31103 you advanced to experience level 16. On T:31148 you wished for "blessed greased fixed +2 t-shirt of reflection". On T:31856 you reached level 4 of Gehennom. On T:32009 you killed Asmodeus on level 2 of Gehennom. On T:32379 you reached level 5 of Gehennom. On T:32421 you killed Juiblex on level 5 of Gehennom. On T:32468 you reached level 6 of Gehennom. On T:32699 you reached level 7 of Gehennom. On T:33224 you killed Baalzebub on level 6 of Gehennom. On T:33564 you reached level 8 of Gehennom. On T:33864 you reached level 9 of Gehennom. On T:34122 you reached level 4 of Vlad's Tower. On T:34177 you advanced to experience level 17. On T:34631 you reached level 3 of Vlad's Tower. On T:34715 you reached level 2 of Vlad's Tower. On T:34819 you reached level 1 of Vlad's Tower. On T:34920 you killed Vlad the Impaler on level 1 of Vlad's Tower. On T:35068 you reached level 10 of Gehennom. On T:35341 you reached level 11 of Gehennom. On T:35989 you killed Orcus on level 11 of Gehennom. On T:36476 you reached level 12 of Gehennom. On T:36514 you reached level 1 of The Dragon Caves. On T:37122 you reached level 2 of The Dragon Caves. On T:38521 you reached level 3 of The Dragon Caves. On T:38925 you reached level 4 of The Dragon Caves. On T:40335 you reached level 13 of Gehennom. On T:40776 you reached level 14 of Gehennom. On T:41062 you reached level 15 of Gehennom. On T:41340 you reached level 16 of Gehennom. On T:41625 you reached level 17 of Gehennom. On T:41632 you killed Yeenoghu on level 17 of Gehennom. On T:43287 you wished for "blessed greased fixed +2 t-shirt of drain resistance". On T:43483 you wished for "magic marker". On T:46129 you wished for "2 blessed potions of oil". On T:47825 you reached level 18 of Gehennom. On T:47839 you killed Dispater on level 18 of Gehennom. On T:48549 you advanced to experience level 18. On T:49777 you advanced to experience level 19. On T:49820 you reached level 19 of Gehennom. On T:49980 you advanced to experience level 20. On T:50026 you reached level 20 of Gehennom. On T:50127 you reached level 21 of Gehennom. On T:50486 you reached level 22 of Gehennom. On T:50587 you reached level 23 of Gehennom. On T:50738 you reached level 24 of Gehennom. On T:50819 you advanced to experience level 21. On T:50882 you reached level 25 of Gehennom. On T:51224 you reached level 26 of Gehennom. On T:51407 you reached level 27 of Gehennom. On T:51545 you reached level 28 of Gehennom. On T:51630 you were saved from death by your amulet of life saving! On T:53458 you advanced to experience level 22. On T:53459 you advanced to experience level 23. On T:54111 you advanced to experience level 24. On T:54525 you killed Wizard of Yendor on level 14 of Gehennom. On T:54815 you killed Wizard of Yendor on level 25 of Gehennom. On T:55089 you performed the invocation. On T:55090 you reached level 29 of Gehennom. On T:55276 you advanced to experience level 25. On T:55353 you advanced to experience level 26. On T:55553 you killed Cthulhu on level 29 of Gehennom. On T:55555 you gained the Amulet of Yendor! On T:55598 you killed Cthulhu on level 29 of Gehennom. On T:56612 you killed Wizard of Yendor on level 6 of Gehennom. On T:56825 you advanced to experience level 27. On T:57056 you lost the Amulet of Yendor. On T:57084 you killed Wizard of Yendor on level 26 of The Dungeons of Doom. On T:57120 you killed Wizard of Yendor on level 26 of The Dungeons of Doom. On T:57128 you gained the Amulet of Yendor! On T:57578 you killed Wizard of Yendor on level 15 of The Dungeons of Doom. On T:58088 you reached the Astral Plane. On T:58088 you killed Wizard of Yendor on the Astral Plane. On T:58193 you killed Wizard of Yendor on the Astral Plane. On T:58217 you reached the Plane of Fire. On T:58275 you reached the Plane of Water. On T:58326 you reached the Plane of Air. On T:58328 you reached the Astral Plane. On T:58349 you advanced to experience level 28. On T:58358 you killed Pestilence on the Astral Plane. On T:58380 you killed Pestilence on the Astral Plane. On T:58395 you were saved from death by your amulet of life saving! On T:58400 you killed Pestilence on the Astral Plane. On T:58417 you lost the Amulet of Yendor. On T:58417 you offered the Amulet of Yendor to Huan Ti and ascended to the status of Demigoddess! Latest messages: The priestess of Chih Sung-tzu swings wildly and misses! The priestess of Chih Sung-tzu strikes at thin air! The priestess of Chih Sung-tzu casts a spell at thin air! [HP-2=140] [HP+6=146] The high priest of Huan Ti gives you two bits for an ale. Marvin the invisible Slayer misses. Marvin the invisible Slayer hits! The Angel of Chih Sung-tzu picks up a dart. The priest of Chih Sung-tzu swings his mace. The priest of Chih Sung-tzu hits! The priest of Chih Sung-tzu kicks! The air crackles around the priest of Chih Sung-tzu. [HP-29=117] You offer the Amulet of Yendor to Huan Ti... An invisible choir sings, and you are bathed in radiance... The voice of Huan Ti thunders: "Congratulations, mortal!" "In return for thy service, I grant thee the gift of Immortality!" You ascend to the status of Demigoddess... Final status: Punardarsanaya groovejumper the Demigoddess... You went to your reward with 118358 points, The Eyes of the Overworld (worth 2500 zorkmids and 6250 points) 2 amulets of life saving (worth 300 zorkmids), 1 amulet of magical breathing (worth 150 zorkmids), and 15271 pieces of gold, after 58417 moves. You were level 28 with a maximum of 402 hit points when you ascended.